AoeStats
← ELPATRON

Runestones

507994449Analyzed
1v1 RM · 13d ago on Sep 20, 2026· 75m 47s· 2 players
Game mode
Random Map
Map size
Tiny (2 player)
Population
200
Speed
Normal
Resources
Standard
Victory
Conquest
Starting age
Dark Age
Ending age
Imperial Age
RankedLock teamsTeams togetherTeam positionsShared explorationLock speedFull tech treeHidden civsTurbo modeCheats
Victory
Defeat
🇦🇷 Vikings · Argentina
381
+15
🇨🇦 Franks · Canada
366
-15
monkeyboss
1:10 Loom
13:09 Feudal Age
14:46 Wheelbarrow
14:01 Double-Bit Axe
19:57 Stone Mining
21:40 Forging
21:36 Scale Barding Armor
29:05 Castle Age
27:26 Gold Mining
29:50 Husbandry
29:44 Fletching
30:29 Iron Casting
30:15 Chain Barding Armor
31:07 Gold Shaft Mining
31:22 Town Watch
31:50 Bow Saw
33:54 Hand Cart
38:47 Murder Holes
40:37 Elite Skirmisher
40:41 Crossbowman
47:13 Bodkin Arrow
51:20 Imperial Age
50:15 Town Patrol
50:55 Ballistics
50:47 Masonry
52:25 Capped Ram
54:15 Blast Furnace
53:52 Plate Barding Armor
54:33 Architecture
55:04 Chemistry
55:06 Conscription
57:07 Hoardings
57:59 Cavalier
61:23 Padded Archer Armor
67:25 Paladin
67:38 Light Cavalry
ELPATRON
0:37 Loom
11:02 Feudal Age
12:57 Double-Bit Axe
15:14 Horse Collar
16:16 Gold Mining
16:49 Town Watch
20:16 Forging
20:06 Scale Mail Armor
19:57 Fletching
20:01 Stone Mining
29:22 Castle Age
27:26 Arson
27:02 Man-at-Arms
29:56 Scale Barding Armor
29:51 Padded Archer Armor
31:00 Town Patrol
31:37 Iron Casting
31:17 Chain Mail Armor
31:22 Chain Barding Armor
31:39 Heavy Plow
32:16 Gold Shaft Mining
31:53 Bow Saw
34:08 Fervor
35:20 Fortified Wall
35:06 Murder Holes
36:01 Heated Shot
38:27 Light Cavalry
39:58 Masonry
39:28 Treadmill Crane
44:00 Ballistics
43:32 Guard Tower
44:38 Atonement
44:39 Devotion
44:01 Crossbowman
46:30 Elite Skirmisher
47:49 Chieftains
47:26 Long Swordsman
48:07 Squires
47:27 Pikeman
47:52 Gambesons
48:39 Chain Barding Armor
48:15 Bodkin Arrow
54:41 Imperial Age
55:04 Two-Handed Swordsman
57:50 Hoardings
57:32 Bodkin Arrow
57:04 Capped Ram
58:55 Crop Rotation
58:54 Block Printing
59:32 Cavalier
59:36 Siege Ram
60:07 Champion
65:33 Elite Berserk
67:40 Two-Man Saw
Connection lost

Rejoining the realm…

Still unreachable

The connection could not be restored.

Session expired

The server has moved on; the page needs a fresh start.